 Dungeon Crawl Stone Soup version 0.20.0-10-g0535bb4 (webtiles) character file.

853 tilp the Firebug (level 8, -4/57 HPs)
             Began as a Hill Orc Fire Elementalist on June 4, 2017.
             Killed from afar by Pikel (14 damage)
             ... with a wand of acid (?/15)
             ... on level 4 of the Dungeon.
             The game lasted 00:15:22 (5259 turns).

tilp the Firebug (Hill Orc Fire Elementalist)       Turns: 5259, Time: 00:15:23

Health: -4/57      AC:  4    Str: 11    XL:     8   Next: 1%
Magic:  9/14       EV: 12    Int: 17    God:
Gold:   122        SH:  0    Dex: 11    Spells: 6/16 levels left

rFire    . . .     SeeInvis .   o - +0 hand axe
rCold    . . .     Gourm    .   (no shield)
rNeg     . . .     Faith    .   a - +0 robe
rPois    .         Spirit   .   g - +0 helmet
rElec    .         Reflect  .   (no cloak)
rCorr    .         Harm     .   s - +0 pair of gloves
MR       .....                  (no boots)
Stlth    ++........             (no amulet)
Regen    0.2/turn               (no ring)
MPRegen  0.2/turn               (no ring)

@: no status effects
A: no striking features
a: no special abilities


You were on level 4 of the Dungeon.
You were not hungry.

You visited 1 branch of the dungeon, and saw 4 of its levels.

You collected 122 gold pieces.

Inventory:

Hand Weapons
 j - a +0 dagger
 k - a +0 short sword
 o - a +0 hand axe (weapon)
Missiles
 q - 6 tomahawks
 w - 7 javelins (quivered)
Armour
 a - a +0 robe (worn)
 g - a +0 helmet (worn)
 h - a cursed -1 chain mail
 s - a +0 pair of gloves (worn)
Scrolls
 e - a scroll of fog {unknown}
 m - a scroll of remove curse
 t - a scroll of fear
 v - a scroll of magic mapping {unknown}
Potions
 f - a potion of agility
 i - a potion of cancellation
 n - a potion of invisibility
 p - a potion of flight {unknown}
 r - 2 potions of curing
 u - a potion of magic {unknown}
 x - a potion of lignification {unknown}
Books
 b - a book of Flames

   Spells                             Type                      Level
   a - Flame Tongue                   Conjuration/Fire             1
   b - Throw Flame                    Conjuration/Fire             2
   c - Conjure Flame                  Conjuration/Fire             3
   d - Inner Flame                    Hexes/Fire                   3
   e - Sticky Flame                   Conjuration/Fire             4
   f - Fireball                       Conjuration/Fire             5
 d - a book of Misfortune

   Spells                             Type                      Level
   a - Confusing Touch                Hexes                        1
   b - Confuse                        Hexes                        3
   c - Gell's Gravitas                Translocation                3
   d - Petrify                        Transmutation/Earth          4
   e - Metabolic Englaciation         Hexes/Ice                    5
   f - Yara's Violent Unravelling     Hexes/Transmutation          5
Comestibles
 c - a bread ration


   Skills:
 - Level 2.8 Short Blades
 + Level 4.7 Axes
 - Level 1.5 Dodging
 - Level 1.9 Stealth
 * Level 4.6 Spellcasting
 - Level 1.0 Conjurations
 + Level 5.5 Fire Magic


You had 6 spell levels left.
You knew the following spells:

 Your Spells              Type           Power        Failure   Level  Hunger
a - Flame Tongue          Conj/Fire      ###..        3%          1    None
b - Throw Flame           Conj/Fire      ###...       6%          2    ##.....
c - Conjure Flame         Conj/Fire      ###.....     12%         3    ###....
d - Sticky Flame          Conj/Fire      ###.....     36%         4    ####...


Dungeon Overview and Level Annotations

Branches:
Dungeon (4/15)
 Temple: D:4-7

Altars:
Ashenzari
Gozag
Hepliaklqana
Nemelex Xobeh
Vehumet
The Shining One

Annotations:
D:4 Pikel


Message History

Confirm with . or Enter, or press ? or * to list all spells.
Aiming: Flame Tongue
Press: ? - help, Shift-Dir - straight line, f/p - Pikel
Aim: Pikel, wielding a whip of freezing, wearing a robe and carrying a wand of acid (?/15) {zapped: 1} (lightly wounded)
The flame tongue hits Pikel.
Pikel is lightly wounded.
Pikel hits you with a whip of freezing!
* * * LOW HITPOINT WARNING * * *
Pikel freezes you.
* * * LOW HITPOINT WARNING * * *
Sorry, you're not good enough to have a special ability.
Casting: Flame Tongue
Confirm with . or Enter, or press ? or * to list all spells.
Aiming: Flame Tongue
Press: ? - help, Shift-Dir - straight line, f/p - Pikel
Aim: Pikel, wielding a whip of freezing, wearing a robe and carrying a wand of acid (?/15) {zapped: 1} (lightly wounded)
The flame tongue hits Pikel.
Pikel appears unharmed.
Pikel is lightly wounded.
Pikel zaps a wand.
The bolt of acid hits you!
You die...

#.###.#........................##
#..##.#................♣.[.....#
##'##.#.........p.............##
....#.#...........###.....###.#
#...#.#....p.....## +#...#..###
#...#.#..........# #...#...
#...#.#.#####....# #...##.>
#.....#.# #....####....# ###
......#.# #...@......###
#.....#.# #...K......# #...#.#.#
#..........# # #...#.#§#
#.............
#...#...############......
....#......# ...... ....#......#
..... ....#.....p#########......
#####......5..p.5..'.....p


You could see Pikel and 2 slaves.

Vanquished Creatures
  Grinder (D:4)
  Eustachio (D:4)
  Menkaure (D:4)
  An ogre (D:4)
  An orc wizard (D:4)
  Jessica (D:2)
  Natasha (D:2)
  An iguana (D:4)
  A worker ant (D:4)
  3 gnolls (D:3)
  8 adders
  2 oozes (D:3)
  2 worms (D:3)
  2 dart slugs
  2 leopard geckos
  6 orcs
  2 ball pythons
  8 giant cockroaches
  6 goblins
  A hobgoblin (D:1)
  6 jackals
  A quokka (D:4)
  8 bats
  2 frilled lizards (D:2)
  5 kobolds
  A leopard gecko skeleton (D:4)
  8 rats
82 creatures vanquished.

Notes
Turn   | Place    | Note
-------+----------+-------------------------------------------
     0 | D:1      | tilp the Hill Orc Fire Elementalist began the quest for the Orb.
     0 | D:1      | Reached XP level 1. HP: 14/14 MP: 3/3
   341 | D:1      | Reached XP level 2. HP: 19/20 MP: 4/4
   353 | D:1      | Learned a level 2 spell: Throw Flame
   858 | D:1      | Reached XP level 3. HP: 24/26 MP: 6/6
   863 | D:1      | Learned a level 3 spell: Conjure Flame
   966 | D:2      | Found a radiant altar of Vehumet.
  1000 | D:2      | Noticed Jessica
  1005 | D:2      | Found a shattered altar of Ashenzari.
  1037 | D:2      | Killed Jessica
  1037 | D:2      | Reached skill level 1 in Short Blades
  1164 | D:2      | Found an opulent altar of Gozag.
  1165 | D:2      | Found a sparkling altar of Nemelex Xobeh.
  1221 | D:2      | Reached skill level 4 in Fire Magic
  1221 | D:2      | Reached XP level 4. HP: 30/33 MP: 2/7
  1645 | D:2      | Noticed Natasha
  1652 | D:2      | Killed Natasha
  2055 | D:3      | Reached XP level 5. HP: 35/38 MP: 8/8
  3198 | D:3      | Found a glowing golden altar of the Shining One.
  3798 | D:4      | Reached skill level 1 in Axes
  3798 | D:4      | Reached XP level 6. HP: 40/45 MP: 3/10
  3804 | D:4      | Learned a level 4 spell: Sticky Flame
  4107 | D:4      | Noticed Eustachio
  4183 | D:4      | Found a hazy altar of Hepliaklqana.
  4471 | D:4      | Killed Eustachio
  4471 | D:4      | Reached skill level 5 in Fire Magic
  4471 | D:4      | Reached XP level 7. HP: 21/50 MP: 1/12
  4823 | D:4      | Noticed Grinder
  4845 | D:4      | Noticed Menkaure
  4880 | D:4      | Killed Menkaure
  5048 | D:4      | Paralysed by Grinder for 5 turns
  5066 | D:4      | Killed Grinder
  5066 | D:4      | Reached XP level 8. HP: 24/57 MP: 3/14
  5243 | D:4      | Noticed Pikel
  5259 | D:4      | Killed from afar by Pikel

Skill      XL: |  1  2  3  4  5  6  7 |
---------------+----------------------+-----
Spellcasting   | 2 3 4 |  4.6
Short Blades   | 1 2 |  2.8
Fire Magic     | 4 5 |  5.5
Axes           | 1 2 4 |  4.7
Dodging        | |  1.5
Stealth        | |  1.9
Conjurations   | |  1.0

Action                   |  1- 3 |  4- 6 |  7- 9 || total
-------------------------+-------+-------+-------++-------
Melee: Club              |    25 |       |       ||    25
       Dagger            |    36 |       |       ||    36
       Short sword       |    27 |    81 |       ||   108
       Hand axe          |       |    91 |     7 ||    98
Throw: Javelin           |       |    10 |    13 ||    23
       Tomahawk          |       |     2 |       ||     2
 Cast: Flame Tongue      |     5 |    49 |    19 ||    73
       Throw Flame       |     2 |    21 |    13 ||    36
       Conjure Flame     |       |       |     2 ||     2
  Use: Scroll            |       |     8 |     1 ||     9
       Potion            |       |       |     1 ||     1
 Stab: Sleeping          |     6 |     2 |       ||     8
  Eat: Chunk             |     1 |     5 |       ||     6
       Meat ration       |       |     1 |       ||     1
       Bread ration      |       |     1 |     1 ||     2
Armor: Robe              |    23 |    65 |     1 ||    89
Dodge: Dodged            |    53 |   162 |    16 ||   231
